 Dungeon Crawl Stone Soup version 0.29-a0-542-g075992c915 (webtiles) character file.

Game seed: 13317319836185548939

2272 happo123 the Sneak (level 9, -5/52 HPs)
             Began as a Kobold Enchanter on June 4, 2022.
             Was an Initiate of Wu Jian.
             Slain by a yak (12 damage)
             ... on level 9 of the Dungeon.
             The game lasted 00:44:24 (9014 turns).

happo123 the Sneak (Kobold Enchanter)               Turns: 9014, Time: 00:44:25

Health: -5/52      AC: 12    Str:  1    XL:     9   Next: 65%
Magic:  12/15      EV: 11    Int: 29    God:    Wu Jian [......]
Gold:   249        SH:  0    Dex: 15    Spells: 8/16 levels left

rFire   . . .      SeeInvis .   u - +3 dagger "Ytainaes" {flame, rElec rCorr Str-5 Int+3}
rCold   . . .      Faith    .   (no shield)
rNeg    . . .      Spirit   .   g - +0 acid dragon scales
rPois   .          Reflect  .   d - +0 helmet
rElec   +          Harm     .   L - +0 cloak
rCorr   +          Rampage  .   i - +0 pair of gloves
Will    +....                   v - +0 pair of boots
Stlth   ++++......              (no amulet)
HPRegen 0.17/turn               s - ring of willpower
MPRegen 0.14/turn               z - +6 ring of intelligence

@: no status effects
A: small, no large weapons, nightstalker 3
a: Renounce Religion


You were on level 9 of the Dungeon.
You worshipped Wu Jian.
Wu Jian was noncommittal.
You visited 2 branches of the dungeon, and saw 10 of its levels.
You also visited: Ossuary.

You collected 249 gold pieces.

Inventory:

Hand Weapons
 a - a +1 dagger
 u - the +3 dagger "Ytainaes" (weapon) {flame, rElec rCorr Str-5 Int+3}
   (You found it on level 4 of the Dungeon)

   It burns those it strikes, dealing additional fire damage.
   Str:       It affects your strength (-5).
   Int:       It affects your intelligence (+3).
   rElec:     It insulates you from electricity.
   rCorr:     It protects you from acid and corrosion.
Missiles
 K - a throwing net
Armour
 b - a +0 robe
 d - a +0 helmet (worn)
 g - +0 acid dragon scales (worn)
 i - a +0 pair of gloves (worn)
 v - a +0 pair of boots (worn)
 L - a +0 cloak (worn)
Jewellery
 s - a ring of willpower (left hand)
 z - a +6 ring of intelligence (right hand)
 H - a ring of willpower
Wands
 o - a wand of flame (20)
 q - a wand of paralysis (10)
 J - a wand of polymorph (5)
Scrolls
 f - a scroll of identify
 h - 2 scrolls of enchant armour
 j - 4 scrolls of teleportation
 n - a scroll of noise {unknown}
 r - a scroll of amnesia {unknown}
 t - 2 scrolls of fog {unknown}
 x - 3 scrolls of immolation {unknown}
 y - a scroll of enchant weapon {unknown}
 A - 3 scrolls of magic mapping
 B - 2 scrolls of vulnerability
 D - a scroll of summoning {unknown}
 I - a scroll of acquirement {unknown}
Potions
 c - 4 potions of invisibility
 e - a potion of attraction {unknown}
 k - 4 potions of curing
 l - 2 potions of haste {unknown}
 m - 3 potions of might {unknown}
 p - a potion of ambrosia {unknown}
 C - 3 potions of degeneration {unknown}
 E - a potion of cancellation {unknown}
 F - a potion of mutation {unknown}
 G - 2 potions of brilliance {unknown}
Miscellaneous
 w - a condenser vane


   Skills:
 + Level 3.9 Fighting
 + Level 5.1 Short Blades
 * Level 4.4 Armour
 + Level 5.1 Dodging
 + Level 6.9 Stealth
 + Level 4.4 Spellcasting
 * Level 6.2 Hexes
 + Level 3.2 Ice Magic


You had 8 spell levels left.
You knew the following spells:

 Your Spells              Type           Power      Damage    Failure   Level
a - Ensorcelled Hibernat  Hex/Ice        68%        N/A       6%          2
b - Confusing Touch       Hex            42%        N/A       6%          3
c - Tukima's Dance        Hex            42%        N/A       6%          3

Your spell library contained the following spells:

 Spells                   Type           Power      Damage    Failure   Level
 Dazzling Flash           Conj/Hex       48%        N/A       24%         3
 Apportation              Tloc           12%        N/A       28%         1
 Beastly Appendage        Tmut           12%        N/A       28%         1
 Wereblood                Tmut           6%         N/A       38%         2
 Spider Form              Tmut/Pois      6%         N/A       63%         3
 Passage of Golubria      Tloc           6%         N/A       95%         4
 Malign Gateway           Summ/Tloc      3%         N/A       100%        7


Dungeon Overview and Level Annotations

Branches:
Dungeon (10/15)            Temple (1/1) D:5         Ossuary (visited)
   Lair: D:8-11         Orc: D:9-12

Altars:
Ashenzari
Cheibriados
Dithmenos
Fedhas
Gozag
Hepliaklqana
Kikubaaqudgha
Makhleb
Okawaru
Qazlal
Sif Muna
Trog
Uskayaw
Vehumet
Wu Jian
Xom
Zin
The Shining One

Shops:
D:2 [   D:6 *


Innate Abilities, Weirdness & Mutations

You are small and have problems with some larger weapons.
You are completely attuned to the shadows.


Message History

You hit the vampire mosquito but do no damage.
The vampire mosquito appears confused.
The vampire mosquito bites you.
* * * LOW HITPOINT WARNING * * *
The vampire mosquito draws strength from your injuries!
You hit the vampire mosquito. You burn the vampire mosquito.
The vampire mosquito is lightly damaged.
You lunge at the vampire mosquito.
You hit the vampire mosquito. You burn the vampire mosquito.
The vampire mosquito is moderately damaged.
The vampire mosquito misses you.
The vampire mosquito closely misses you.
You see here a vampire mosquito corpse.
You hit the vampire mosquito but do no damage.
The vampire mosquito is moderately damaged.
You hit the vampire mosquito but do no damage.
The vampire mosquito is moderately damaged.
You hit the vampire mosquito. You burn the vampire mosquito.
The vampire mosquito is heavily damaged.
The vampire mosquito bites itself.
You catch the helpless vampire mosquito completely off-guard!
You impale the vampire mosquito!! You burn the vampire mosquito.
You destroy the vampire mosquito!
The Council accepts your kill.
A centaur comes into view.
The centaur wields a +0 shortbow.
The centaur shoots an arrow.
The arrow hits you.
* * * LOW HITPOINT WARNING * * *
The centaur shoots an arrow.
The arrow hits you!
* * * LOW HITPOINT WARNING * * *
You feel better.
The centaur shoots an arrow.
The arrow hits you.
* * * LOW HITPOINT WARNING * * *
The centaur shoots an arrow.
The arrow hits you but does no damage.
There is an escape hatch in the ceiling here.
The centaur shoots an arrow.
The arrow completely misses you. A mysterious force pulls you upwards.
The hatch slams shut behind you.
The yak bellows! x3
Found a black potion.
The yak attacks as you move away! The yak barely misses you.
The yak attacks as you move away! The yak gores you!
You die...

#.....
#.....!
#......
#......
#@..Y..
#.YYY..
#......
#......
#######


You could see 4 yaks.

Vanquished Creatures
  Sigmund (D:2)
  2 vampire mosquitoes (D:10)
  Menkaure (Ossuary)
  A black bear (D:5)
  An orc warrior (D:6)
  2 ice beasts
  2 ogres
  A kobold brigand (D:6)
  A necrophage (D:4)
  2 scorpions
  A centaur zombie (Ossuary)
  2 hounds (D:4)
  A human zombie (Ossuary)
  5 jellies
  Crazy Yiuf (D:6)
  2 gnoll shamans
  Natasha (thrice) (D:2)
  Terence (D:2)
  2 orc wizards (D:6)
  An iguana (D:4)
  4 ogre zombies (Ossuary)
  5 mummies (Ossuary)
  6 adders
  5 gnolls (D:5)
  3 shadow imps
  A white imp (D:6)
  2 ufetubi
  6 adder zombies (Ossuary)
  2 worms
  5 dart slugs
  10 orcs
  7 bats
  6 endoplasms
  4 giant cockroaches
  6 goblins
  3 hobgoblins
  6 jackals
  14 kobolds
  A quokka (D:1)
  12 ball pythons
  2 frilled lizards (D:1)
  3 goblin zombies (Ossuary)
  4 hobgoblin zombies (Ossuary)
  3 kobold zombies (Ossuary)
  An orc zombie (Ossuary)
  4 quokka zombies (Ossuary)
  3 rats
  3 rat zombies (Ossuary)
164 creatures vanquished.

Vanquished Creatures (collateral kills)
  A gnoll (D:6)
1 creature vanquished.

Grand Total: 165 creatures vanquished

Notes
Turn   | Place    | Note
-------+----------+-------------------------------------------
     0 | D:1      | happo123 the Kobold Enchanter began the quest for the Orb.
     0 | D:1      | Reached XP level 1. HP: 10/10 MP: 3/3
   322 | D:1      | Reached XP level 2. HP: 12/15 MP: 5/5
   326 | D:1      | Learned a level 2 spell: Ensorcelled Hibernation
   542 | D:1      | Got the Guide on the Compass
   740 | D:1      | Reached XP level 3. HP: 20/20 MP: 6/6
   744 | D:1      | Learned a level 3 spell: Confusing Touch
  1272 | D:2      | Found a faded altar of an unknown god.
  1318 | D:2      | Found a shimmering altar of Xom.
  1407 | D:2      | Found Huteicish's Armour Boutique.
  1561 | D:2      | Noticed Terence
  1575 | D:2      | Killed Terence
  1576 | D:2      | Reached skill level 1 in Armour
  1576 | D:2      | Reached XP level 4. HP: 7/24 MP: 3/7
  1825 | D:2      | Reached skill level 1 in Fighting
  2348 | D:2      | Noticed Natasha
  2368 | D:2      | Killed Natasha
  2432 | D:2      | Noticed Sigmund
  2439 | D:2      | Killed Sigmund
  2440 | D:2      | Reached XP level 5. HP: 30/30 MP: 3/9
  2440 | D:2      | Reached XP level 6. HP: 35/35 MP: 3/10
  2862 | D:2      | Noticed Natasha
  2865 | D:2      | Killed Natasha
  2866 | D:2      | Reached skill level 5 in Stealth
  3114 | D:2      | Noticed Natasha
  3124 | D:2      | Killed Natasha
  3364 | D:3      | Noticed an ice beast
  3368 | D:3      | Killed an ice beast
  3369 | D:3      | Reached XP level 7. HP: 40/40 MP: 11/11
  3373 | D:3      | Learned a level 3 spell: Tukima's Dance
  4349 | D:4      | Reached skill level 1 in Ice Magic
  4562 | D:4      | Identified the +3 dagger "Ytainaes" {flame, rElec rCorr
                  | Str-5 Int+3}
  4979 | D:4      | Reached XP level 8. HP: 45/45 MP: 13/13
  5218 | D:5      | Entered Level 5 of the Dungeon
  5273 | D:5      | Reached skill level 5 in Hexes
  5408 | D:5      | Found a sand-covered staircase.
  5413 | Ossuary  | Entered an ossuary
  6010 | Ossuary  | Noticed Menkaure
  6055 | Ossuary  | Killed Menkaure
  6680 | D:5      | Found a staircase to the Ecumenical Temple.
  6694 | Temple   | Entered the Ecumenical Temple
  6720 | Temple   | Became a worshipper of the Wu Jian Council
  7311 | D:5      | Reached XP level 9. HP: 51/51 MP: 10/14
  7364 | D:5      | Found a blossoming altar of Fedhas.
  7474 | D:6      | Found Xiorph's Mass Market.
  8291 | D:6      | Reached skill level 5 in Dodging
  8463 | D:6      | Found a shadowy altar of Dithmenos.
  8464 | D:6      | Found a glowing golden altar of the Shining One.
  8465 | D:6      | Found a hazy altar of Hepliaklqana.
  8631 | D:6      | Found a runed translucent door.
  8634 | D:6      | Noticed Crazy Yiuf
  8642 | D:6      | Killed Crazy Yiuf
  8931 | D:7      | You fall into a shaft and drop 3 floors!
  8931 | D:10     | Entered Level 10 of the Dungeon
  8963 | D:10     | Found the +3 woodcutter's axe {vorpal}
  8997 | D:10     | Reached skill level 5 in Short Blades
  9014 | D:9      | Slain by a yak

Illustrated notes

Levels and vault maps discovered:
D:1:      psy_arrival_fountain, layout_basic, minmay_misc_feat_enclosed,
          minmay_misc_feat_five
D:2:      layout_basic, serial_shops, nicolae_square_shop, basic_altar,
          nicolae_ecumenical_snake_handling, uniq_natasha, uniq_terence,
          uniq_sigmund
D:3:      layout_loops_ring, kennysheep_generic_room_12
D:4:      minmay_octagon_keep, layout_basic
D:5:      layout_loops_ring, fedhas_altar_4, minmay_temple_entry_purple_smoke,
          nicolae_ossuary_entry_false_entrances, chequers_garden
D:6:      layout_rooms, chequers_temple_overflow_statue_of_worship,
          minmay_shop_mass, uniq_crazy_yiuf_cottage
D:7:      nzn_winding_woodlands_large [nzn_winding_woodlands_5x5_open_star,
          nzn_winding_woodlands_5x15_crooked,
          nzn_winding_woodlands_5x5_closed_star,
          nzn_winding_woodlands_center_garden,
          nzn_winding_woodlands_15x15_thick_spiral,
          nzn_winding_woodlands_center_pierced_h,
          nzn_winding_woodlands_5x5_perimeter,
          nzn_winding_woodlands_5x15_zeroes, nzn_winding_woodlands_hourglass],
          layout_rooms, serial_shops, shop, enter_bailey_2
D:9:      layout_small_grid, nemelex_diamond_rough_becter,
          hellmonk_guarded_unrand_gyre_and_gimble, uniq_erica,
          uniq_prince_ribbit1
D:10:     minmay_the_grid_four_pointed_star
          [minmay_the_grid_triangle_9x9_zippers_horizontal,
          minmay_the_grid_triangle_9x9_longest,
          minmay_the_grid_triangle_9x9_flanged_cone,
          minmay_the_grid_triangle_9x9_warning, minmay_the_grid_prize_big_room],
          layout_loops_ring, dpeg_oklobed_lair, hellmonk_scale_shop
Temple:   jpeg_temple_clearing

Skill      XL: |  1  2  3  4  5  6  7  8  9 |
---------------+----------------------------+-----
Short Blades   | 2 3 4 5 |  5.1
Armour         | 1 2 3 4 |  4.4
Fighting       | 1 2 3 |  3.9
Dodging        | 3 4 5 |  5.1
Hexes          | 4 5 6 |  6.2
Stealth        | 5 6 |  6.9
Spellcasting   | 3 4 |  4.4
Ice Magic      | 1 2 3 |  3.2

Action                   |  1- 3 |  4- 6 |  7- 9 || total
-------------------------+-------+-------+-------++-------
Melee: Dagger            |    76 |    40 |   360 ||   476
       Punch             |     1 |       |     3 ||     4
 Cast: Ensorcelled Hiber |     2 |    14 |    53 ||    69
       Confusing Touch   |       |       |    14 ||    14
       Tukima's Dance    |       |       |     2 ||     2
Invok: Lunge             |       |       |    13 ||    13
  Use: Scroll            |       |       |     5 ||     5
       Potion            |       |       |     3 ||     3
 Stab: Sleeping          |    19 |     8 |    68 ||    95
       Confused          |       |       |     8 ||     8
       Distracted        |       |       |     2 ||     2
Armor: Robe              |    12 |       |       ||    12
       Acid dragon scale |    17 |    11 |   115 ||   143
Dodge: Dodged            |    61 |    40 |   158 ||   259

Table legend: (Time is in decaauts)
 A = Elapsed time spent in this place.
 B = Non-inter-level travel time spent in this place.
 C = Inter-level travel time spent in this place.
 D = Time resting spent in this place.
 E = Time spent auto-exploring this place.
 F = Levels seen in this place.
 G = Mean time per level.
                   A        B        C        D        E       F      G
               +--------+--------+--------+--------+--------+-----+--------+
         Total |   8938 |   7631 |   1307 |    743 |   5105 |  11 |  812.5 |
       Dungeon |   7835 |   6560 |   1275 |    486 |   5006 |   9 |  870.6 |
        Temple |    147 |    115 |     32 |      0 |     99 |   1 |  147.0 |
       Ossuary |    954 |    954 |      0 |    257 |      0 |   1 |  954.0 |
               +--------+--------+--------+--------+--------+-----+--------+

Top non-repeatable levels by time:
     D:2: 1880 daAuts
     D:5: 1644 daAuts
     D:1: 1269 daAuts
     D:4: 1104 daAuts
 Ossuary: 954 daAuts
     D:3: 938 daAuts
     D:6: 919 daAuts
  Temple: 147 daAuts
    D:10: 77 daAuts
     D:9: 1 daAuts
